 Dungeon Crawl Stone Soup version 0.20-a0-1026-gc3ddcbd (webtiles) character file.

350 Ordine the Slasher (level 6, -1/37 HPs)
             Began as a Tengu Fighter on Apr 20, 2017.
             Was an Initiate of Gozag.
             Killed by divine providence
             ... invoked by an orc priest
              (14 damage)
             ... on level 4 of the Dungeon.
             The game lasted 00:07:24 (4033 turns).

Ordine the Slasher (Tengu Fighter)                  Turns: 4033, Time: 00:07:26

Health: -1/37      AC:  6    Str: 21    XL:     6   Next: 60%
Magic:  4/7        EV:  8    Int:  9    God:    Gozag
Gold:   262        SH: 10    Dex: 13    Spells: 5/5 levels left

rFire    . . .     SeeInvis .   a - +0 long sword
rCold    . . .     Gourm    .   c - +1 shield
rNeg     . . .     Faith    .   b - +0 scale mail
rPois    .         Spirit   .   (helmet restricted)
rElec    .         Reflect  .   (no cloak)
rCorr    .         Harm     .   (no gloves)
MR       .....                  (boots unavailable)
Stlth    ..........             (no amulet)
Regen    0.2/turn               o - +3 ring of strength
MPRegen  0.1/turn               (no ring)

@: flying quickly and evasively, drained, quick
A: beak, talons 3, able to fly 1
a: Potion Petition, Call Merchant, Bribe Branch, Renounce Religion


You were on level 4 of the Dungeon.
You worshipped Gozag.
Gozag was aware of your devotion.
You were not hungry.

You visited 2 branches of the dungeon, and saw 5 of its levels.

You collected 350 gold pieces.
You paid 88 gold pieces to Gozag.

Inventory:

Hand Weapons
 a - a +0 long sword (weapon)
Armour
 b - a +0 scale mail (worn)
 c - a +1 shield (worn)
Jewellery
 e - an uncursed ring of ice
 o - a +3 ring of strength (left hand)
 p - an uncursed amulet of harm
Scrolls
 g - 3 scrolls of remove curse
 i - 4 scrolls of teleportation
 m - a scroll of identify
Potions
 d - a potion of might
 j - a potion of lignification
 l - a potion of berserk rage
Comestibles
 f - a bread ration
 h - 4 royal jellies
 k - 2 meat rations


   Skills:
 - Level 3.0(2.1) Fighting
 + Level 7.5(6.5) Long Blades
 - Level 3.2(2.4) Armour
 - Level 3.0(2.1) Shields


You had 5 spell levels left.
You didn't know any spells.

Dungeon Overview and Level Annotations

Branches:
Dungeon (4/15)             Temple (1/1) D:4

Altars:
Ashenzari
Cheibriados
Dithmenos
Elyvilon
Fedhas
Gozag
Hepliaklqana
Kikubaaqudgha
Nemelex Xobeh
Okawaru
Qazlal
Ru
Sif Muna
Trog
Uskayaw
Vehumet
Wu Jian
Xom
Yredelemnul
Zin
The Shining One


Innate Abilities, Weirdness & Mutations

You have a beak for a mouth.
You have claws for feet.
You can fly.


Message History

The tomahawk hits you but does no damage.
You block the orc's attack. The orc hits you but does no damage.
You block the orc's attack.
The orc priest calls down the wrath of Beogh upon you.
Pain shoots through your body! You block the orc's attack.
The orc hits you but does no damage. x2
The orc hits you with a hand axe.
You hit the orc priest. You claw the orc priest.
The orc priest is lightly wounded.
The orc priest invokes the aid of Beogh against you.
Pain shoots through your body! The orc hits you but does no damage. x4
The orc priest hits you but does no damage.
You closely miss the orc priest. You claw the orc priest.
The orc priest is moderately wounded.
The orc hits you but does no damage. You block the orc's attack.
The orc closely misses you. The orc hits you but does no damage.
The orc priest calls down the wrath of Beogh upon you.
Beogh smites you!
You die...
Your body crumbles into a pile of gold.

########### #.........#
#.........# ######
#.........####....#####
#......................
#.....oo.....#....#####
#....o@((...(#....#####
#....oo.....>#.........
#.....#####...h.........
#..... #........#..##
#.... #....######.##
#.... #......####.##
#... #........##... ###.
#........##...
.........##...


You could see an orc priest, 4 orcs and a jackal (wandering).

Vanquished Creatures
  A phantom (D:4)
  An orc priest (D:4)
  2 orc wizards (D:4)
  A worker ant (D:4)
  A gnoll (D:1)
  6 adders
  An ooze (D:2)
  3 dart slugs
  A worm (D:4)
  4 leopard geckos
  3 orcs (D:4)
  2 ball pythons
  8 bats
  3 giant cockroaches
  9 goblins
  10 hobgoblins
  5 jackals
  8 kobolds
  A quokka (D:2)
  A frilled lizard (D:3)
  6 rats
77 creatures vanquished.

Notes
Turn   | Place    | Note
-------+----------+-------------------------------------------
     0 | D:1      | Ordine the Tengu Fighter began the quest for the Orb.
     0 | D:1      | Reached XP level 1. HP: 14/14 MP: 2/2
    92 | D:1      | Reached XP level 2. HP: 16/19 MP: 3/3
   169 | D:1      | Reached skill level 3 in Long Blades
   568 | D:1      | Reached XP level 3. HP: 23/23 MP: 4/4
   892 | D:1      | Reached skill level 4 in Long Blades
  1255 | D:2      | Reached XP level 4. HP: 11/28 MP: 5/5
  1831 | D:2      | Reached skill level 5 in Long Blades
  2416 | D:3      | Gained mutation: You can fly. [Tengu growth]
  2416 | D:3      | Reached XP level 5. HP: 32/32 MP: 6/6
  2929 | D:4      | Found a staircase to the Ecumenical Temple.
  2939 | D:4      | Reached skill level 6 in Long Blades
  2963 | Temple   | Entered the Ecumenical Temple
  3115 | Temple   | Became a worshipper of Gozag Ym Sagoz the Greedy
  3369 | D:4      | Reached XP level 6. HP: 12/37 MP: 7/7
  3784 | D:4      | Noticed a phantom
  3797 | D:4      | Killed a phantom
  3797 | D:4      | Reached skill level 7 in Long Blades
  4033 | D:4      | Killed from afar by an orc priest

Vault maps used:
D:1:      saegor_arrival_simple_f
D:3:      serial_forest, infiniplex_forest_clump_cross,
          infiniplex_forest_clump_cross, infiniplex_forest_clump_small,
          infiniplex_forest_straight_5
D:4:      minmay_temple_entry_butterflies, first_bread
Temple:   grunt_wide_crystal_templ

Skill      XL: |  1  2  3  4  5  6 |
---------------+-------------------+-----
Long Blades    | 3 4 5 6 7 |  7.5
Fighting       | |  3.0
Armour         | |  3.2
Shields        | |  3.0

Action                   |  1- 3 |  4- 6 || total
-------------------------+-------+-------++-------
Melee: Long sword        |   101 |   133 ||   234
       Kick              |    20 |    39 ||    59
       Peck              |    11 |    21 ||    32
 Abil: Fly               |       |     3 ||     3
  Use: Scroll            |     4 |     4 ||     8
       Potion            |       |     5 ||     5
 Stab: Distracted        |       |     1 ||     1
  Eat: Chunk             |     1 |     6 ||     7
       Bread ration      |       |     1 ||     1
Armor: Scale mail        |    43 |    41 ||    84
       Skin              |       |    19 ||    19
Dodge: Dodged            |    27 |    47 ||    74
Block: Shield            |    68 |    58 ||   126
       Rpst.: Long sword |    11 |    10 ||    21
